 Dungeon Crawl Stone Soup version 0.27.0-1-g7a089689b8 (webtiles) character file.

Game seed: 13660355136083211204

3948 ZARRMARR the Frost Mage (level 10, -1/102 HPs)
             Began as a Human Ice Elementalist on Aug 13, 2021.
             Was a Follower of Vehumet.
             Succumbed to a wolf spider's poison
             ... on level 8 of the Dungeon on Aug 14, 2021.
             The game lasted 01:33:50 (12308 turns).

ZARRMARR the Frost Mage (Human Ice Elementalist)   Turns: 12308, Time: 01:33:51

Health: -1/102     AC: 23    Str:  9    XL:     10   Next: 44%
Magic:  4/21       EV: 12    Int: 19    God:    Vehumet [*.....]
Gold:   281        SH:  0    Dex: 13    Spells: 20/24 levels left

rFire    + + .     SeeInvis .   i - +4 quarterstaff (chaos) {i}
rCold    + . .     Faith    .   (shield currently unavailable)
rNeg     . . .     Spirit   .   r - +3 leather armour {rF+}
rPois    +         Reflect  .   l - +0 helmet
rElec    +         Harm     .   y - scarf {shadows}
rCorr    +         Rampage  .   G - +0 pair of gloves
Will     .....                  H - +0 pair of boots
Stlth    ..........             (no amulet)
HPRegen  0.27/turn              c - +4 ring of protection
MPRegen  0.17/turn              v - +4 ring of protection

@: berserking, lethally poisoned (-1 -> -16), ice-armoured (expiring),
resistant, very quick
A: no striking features
a: Renounce Religion


You were on level 8 of the Dungeon.
You worshipped Vehumet.
Vehumet was aware of your devotion.
You visited 2 branches of the dungeon, and saw 9 of its levels.
You also visited: Sewer.

You collected 281 gold pieces.

Inventory:

Hand Weapons
 i - a +4 quarterstaff of chaos (weapon) {i}
 u - a +3 hand crossbow
 I - a +6 mace of freezing
Missiles
 q - 7 poisoned darts (quivered)
 x - 38 bolts
 J - 5 boomerangs
Armour
 k - a +0 cloak
 l - a +0 helmet (worn)
 r - a +3 leather armour of fire resistance (worn)
 y - a scarf of shadows (worn)
 z - a +2 robe of positive energy
 G - a +0 pair of gloves (worn)
 H - a +0 pair of boots (worn)
Jewellery
 c - a +4 ring of protection (left hand)
 g - a ring of positive energy
 v - a +4 ring of protection (right hand)
 F - a ring of ice
Wands
 e - a wand of flame (3)
 h - a wand of polymorph (7)
Scrolls
 d - 2 scrolls of fear
 j - 6 scrolls of amnesia
 n - a scroll of fog
 p - 4 scrolls of noise
 s - a scroll of enchant armour
 t - a scroll of brand weapon {unknown}
 w - a scroll of summoning {unknown}
 C - 2 scrolls of teleportation
 D - 2 scrolls of vulnerability {unknown}
 E - a scroll of acquirement {unknown}
Potions
 a - a potion of brilliance
 m - a potion of flight
 o - a potion of haste {unknown}
 A - a potion of curing {unknown}
 B - 4 potions of lignification


   Skills:
 + Level 2.3 Fighting
 + Level 3.4 Staves
 + Level 0.4 Crossbows
 + Level 5.2 Throwing
 + Level 2.0 Armour
 + Level 4.2 Dodging
 + Level 3.9 Stealth
 + Level 7.7 Spellcasting
 + Level 8.7 Ice Magic
 + Level 0.7 Evocations


You had 20 spell levels left.
You knew the following spells:

 Your Spells              Type           Power      Damage    Failure   Level
a - Freeze                Ice            100%       1d11      1%          1
b - Ozocubu's Armour      Ice            40%        N/A       1%          3

Your spell library contained the following spells:

 Spells                   Type           Power      Damage    Failure   Level
 Shock                    Conj/Air       28%        1d4       13%         1
 Frozen Ramparts          Ice            80%        1d10      1%          3
 Ensorcelled Hibernation  Hex/Ice        46%        N/A       3%          2
 Animate Skeleton         Necr           14%        N/A       13%         1
 Apportation              Tloc           14%        N/A       13%         1
 Corona                   Hex            7%         N/A       13%         1
 Magic Dart               Conj           28%        1d4       13%         1
 Summon Small Mammal      Summ           28%        N/A       13%         1
 Searing Ray              Conj           14%        3d3       19%         2
 Slow                     Hex            7%         N/A       19%         2
 Hailstorm                Conj/Ice       23%        3d7       22%         4
 Confusing Touch          Hex            7%         N/A       36%         3
 Tukima's Dance           Hex            7%         N/A       36%         3
 Fulminant Prism          Conj/Hex       3%         3d6       77%         4
 Ozocubu's Refrigeration  Ice            20%        4d9       96%         7
 Yara's Violent Unravell  Hex/Tmut       3%         3d4       98%         5


Dungeon Overview and Level Annotations

Branches:
Dungeon (8/15)             Temple (1/1) D:6           Sewer (visited)
   Lair: D:8-11

Altars:
Ashenzari
Cheibriados
Dithmenos
Elyvilon
Fedhas
Gozag
Hepliaklqana
Kikubaaqudgha
Makhleb
Nemelex Xobeh
Okawaru
Qazlal
Ru
Sif Muna
Trog
Uskayaw
Vehumet
Wu Jian
Xom
Yredelemnul
Zin
The Shining One

Annotations:
D:5 2 transporters, mainiacjoe's ghost, novice DrWz
D:7 3 runed translucent doors, Spaninq's ghost, novice DsMo


Message History

You feel protected.
* * * LOW HITPOINT WARNING * * *
You feel extremely sick. Something hits you but does no damage.
Something bites you but does no damage. Something hits you but does no damage.
Something bites you but does no damage.
It was a potion of berserk rage.
A red film seems to cover your vision as you go berserk!
You feel yourself moving faster!
You feel mighty!
Your icy armour starts to melt.
* * * LOW HITPOINT WARNING * * *
You feel extremely sick. Something hits you!
* * * LOW HITPOINT WARNING * * *
Something bites you but does no damage.
You are too berserk!
Unknown command.
You are too berserk!
Unknown command.
Your icy armour will break if you move.
Continue? [Y]es or [N]o only, please.
Your icy armour will break if you move.
Continue?
You thump something!
A shapeshifter appears out of thin air!
Reactivating autopickup.
* * * LOW HITPOINT WARNING * * *
You feel very sick.
The shapeshifter changes into a wind drake!
You sock the wind drake!
You feel better.
The wind drake is moderately wounded.
* * * LOW HITPOINT WARNING * * *
You feel very sick.
You closely miss the wind drake.
The wind drake is moderately wounded.
* * * LOW HITPOINT WARNING * * *
You feel very sick. The wind drake flaps its wings at you.
The air twists around and strikes you!
* * * LOW HITPOINT WARNING * * *
You miss the wind drake.
The wind drake is moderately wounded.
You die...

###....###..♣...♣#
♣♣.. #..#.##
#.......# ...
#.##.# #).♣...♣# ..
#.##.# #)#♣...♣ #.
####.##.# #.#♣...♣
#. ........#
#.#♣...♣ #.
####.#### #.#♣♣.♣♣
#. #.# #)# ♣)♣ #.
#.# #.# ♣@♣ #. #.#
#[# ♣k♣ #. #.#
###)# .(. #. #.#
#...#♣..(♣ #. #.#
#.#.#.♣.♣( #.
#.#####.#.#♣...♣#
#. #.........# .(.
#.
##########...######
######.
.......###.#)......
.......


You could see a wind drake shaped shifter.

Vanquished Creatures
  A two-headed ogre (D:6)
  Sigmund (D:4)
  Eustachio (D:4)
  3 water moccasins
  An ice beast (D:5)
  2 sky beasts (D:6)
  An orc warrior (D:8)
  A necrophage (D:4)
  4 ogres
  2 centaurs
  2 wyvern zombies (D:7)
  3 bullfrogs
  2 scorpions
  A wyvern skeleton (D:7)
  5 wights (D:8)
  2 howler monkeys
  2 centaur zombies
  2 hounds
  Crazy Yiuf (D:4)
  A bullfrog zombie (D:6)
  3 orc priests
  2 jellies
  2 bullfrog skeletons
  5 orc wizards
  3 iguanas (D:4)
  2 hound skeletons (D:4)
  Robin (D:3)
  9 gnolls
  8 adders
  2 river rats (D:5)
  A shadow imp (D:8)
  A white imp (D:8)
  An ufetubus (D:6)
  An adder skeleton (D:4)
  3 worms
  2 dart slugs
  11 orcs
  5 bats
  5 endoplasms
  10 giant cockroaches
  14 goblins
  9 hobgoblins
  13 jackals
  7 quokkas
  8 ball pythons
  13 frilled lizards
  3 kobolds
  7 rats
189 creatures vanquished.

Notes
Turn   | Place    | Note
-------+----------+-------------------------------------------
     0 | D:1      | ZARRMARR the Human Ice Elementalist began the quest for the
                  | Orb.
     0 | D:1      | Reached XP level 1. HP: 13/13 MP: 3/3
   368 | D:1      | Reached XP level 2. HP: 18/19 MP: 0/5
   687 | D:1      | Found a faded altar of an unknown god.
   867 | D:1      | Reached XP level 3. HP: 24/24 MP: 1/6
  1581 | D:2      | Reached XP level 4. HP: 30/30 MP: 4/8
  1993 | D:2      | Reached skill level 1 in Throwing
  2622 | D:3      | Reached skill level 5 in Ice Magic
  2640 | D:3      | Noticed Robin
  2656 | D:3      | Killed Robin
  2657 | D:3      | Reached XP level 5. HP: 28/35 MP: 4/9
  3321 | D:3      | Found a burning altar of Makhleb.
  3795 | D:4      | Noticed Eustachio
  3811 | D:4      | Killed Eustachio
  3812 | D:4      | Reached XP level 6. HP: 42/42 MP: 9/11
  4120 | D:4      | Noticed a necrophage
  4124 | D:4      | Killed a necrophage
  4125 | D:4      | Reached XP level 7. HP: 47/47 MP: 12/12
  4782 | D:4      | Reached skill level 6 in Ice Magic
  5175 | D:4      | Noticed Sigmund
  5338 | D:5      | Entered Level 5 of the Dungeon
  5512 | D:5      | Found a glowing drain.
  5516 | Sewer    | Entered a sewer
  5521 | Sewer    | Learned a level 3 spell: Ozocubu's Armour
  5612 | Sewer    | Reached XP level 8. HP: 53/53 MP: 10/15
  5938 | Sewer    | Reached skill level 5 in Spellcasting
  6559 | D:5      | Noticed mainiacjoe's ghost (novice DrWz)
  6561 | D:5      | Found a transporter.
  6597 | D:5      | Found a transporter.
  7116 | D:6      | Reached skill level 7 in Ice Magic
  7780 | D:6      | Reached skill level 1 in Fighting
  7780 | D:6      | Reached XP level 9. HP: 54/59 MP: 12/17
  7944 | D:6      | Found a staircase to the Ecumenical Temple.
  7954 | Temple   | Entered the Ecumenical Temple
  8103 | Temple   | Became a worshipper of Ru the Awakened
  8108 | Temple   | Fell from the grace of Ru
  8108 | Temple   | Became a worshipper of Vehumet
  8395 | D:6      | Noticed a two-headed ogre
  8412 | D:6      | Killed a two-headed ogre
  8413 | D:6      | Reached skill level 1 in Staves
  8413 | D:6      | Reached skill level 8 in Ice Magic
  8883 | D:4      | Found a runed translucent door.
  8884 | D:4      | Noticed Crazy Yiuf
  8892 | D:4      | Killed Crazy Yiuf
  9035 | D:4      | Killed Sigmund
  9850 | D:7      | Reached XP level 10. HP: 38/67 MP: 17/20
 10099 | D:7      | Reached skill level 1 in Armour
 10640 | D:7      | Found a runed translucent gate.
 10641 | D:7      | Found a runed translucent gate.
 10641 | D:7      | Found a runed translucent gate.
 10642 | D:7      | Found an opulent altar of Gozag.
 10645 | D:7      | Noticed a two-headed ogre
 10645 | D:7      | Noticed Spaninq's ghost (novice DsMo)
 10843 | D:7      | Reached skill level 5 in Throwing
 12272 | D:8      | Reached * piety under Vehumet
 12272 | D:8      | Offered knowledge of Shock by Vehumet.
 12282 | D:8      | Noticed a wolf spider
 12305 | D:8      | HP: 5/102 [poisoned by a wolf spider]
 12307 | D:8      | HP: 1/102 [wind drake (shapeshifter)/the air (9)]
 12308 | D:8      | Succumbed to a wolf spider's poison

Illustrated notes

Levels and vault maps discovered:
D:1:      lemuel_arrival_muddy, layout_loops_cross,
          hellmonk_ecumenical_altar_arch_garden
D:2:      layout_basic, serial_co_window_serial, co_window_paths_a,
          co_window_paths_a, co_window_corner_a, co_window_corner_a,
          co_window_corner_a, co_window_paths_a, co_window_corner_b,
          co_window_corner_b, co_window_2corner, glass_columns_a
D:3:      layout_basic, lightli_temple_of_fire, serial_co_window_serial,
          co_window_corner_a, co_window_corner_a, co_window_paths_a,
          co_window_paths_b, co_window_corner_a, co_window_corner_a,
          co_window_cross_4, co_window_cross_3, co_window_of_opportunity_b,
          co_window_of_opportunity_b, co_window_4corner_a, glass_columns_c,
          glass_columns_a, glass_columns_a, glass_columns_a, glass_columns_b,
          hex_tiny, uniq_robin
D:4:      layout_basic, uniq_crazy_yiuf_cottage, uniq_eustachio, uniq_sigmund
D:5:      layout_loops_ring, gammafunk_ghost_arena, gup_sewer_entry_spiral
D:6:      layout_cave_pools, temple_doors_e
D:7:      layout_loops_corners, ebering_ghost_gozag, grunt_ministairs_15
D:8:      nzn_winding_woodlands_medium [nzn_winding_woodlands_hourglass,
          nzn_winding_woodlands_5x15_default,
          nzn_winding_woodlands_5x5_open_star, nzn_winding_woodlands_5x5_three,
          nzn_winding_woodlands_center_pierced_h,
          nzn_winding_woodlands_5x5_checkerboard,
          nzn_winding_woodlands_5x5_cross, nzn_winding_woodlands_5x15_crooked,
          nzn_winding_woodlands_5x5_closed_star], layout_loops_ring
Temple:   kilobyte_greek_temple

Skill      XL: |  1  2  3  4  5  6  7  8  9 10 |
---------------+-------------------------------+-----
Throwing       | 1 2 3 4 5 |  5.2
Ice Magic      | 5 6 7 8 |  8.7
Spellcasting   | 3 4 5 7 |  7.7
Stealth        | 3 |  3.9
Dodging        | 3 4 |  4.2
Fighting       | 1 2 |  2.3
Staves         | 2 3 |  3.4
Armour         | 2 |  2.0
Crossbows      | |  0.4
Evocations     | |  0.7

Action                   |  1- 3 |  4- 6 |  7- 9 | 10-12 || total
-------------------------+-------+-------+-------+-------++-------
Melee: Unarmed           |     2 |    19 |    48 |       ||    69
       Quarterstaff      |       |       |    61 |    91 ||   152
 Fire: Hand crossbow     |       |       |     3 |     8 ||    11
Throw: Dart              |    28 |    84 |    89 |    50 ||   251
 Cast: Freeze            |    54 |    55 |   153 |    37 ||   299
       Ozocubu's Armour  |       |       |    13 |     9 ||    22
Evoke: Wand              |       |     7 |     6 |     1 ||    14
  Use: Scroll            |       |     2 |     5 |     2 ||     9
       Potion            |       |       |     6 |     2 ||     8
 Stab: Sleeping          |       |       |     1 |     1 ||     2
       Confused          |       |       |     1 |       ||     1
Armor: Robe              |    25 |    13 |    79 |       ||   117
       Skin              |       |       |     4 |       ||     4
       Leather armour    |       |       |     9 |    74 ||    83
Dodge: Dodged            |    35 |    33 |   134 |    76 ||   278
